 Dungeon Crawl Stone Soup version 0.31-a0-233-g139696dc86 (webtiles) character file.

Game seed: 8229392530319846139

767 Decritt the Trooper (level 8, 0/58 HPs)
             Began as a Djinni Hedge Wizard on July 8, 2023.
             Killed from afar by Blork the orc (6 damage)
             ... with a magic dart
             ... on level 5 of the Dungeon.
             The game lasted 00:11:43 (4781 turns).

Decritt the Trooper (Djinni Hedge Wizard)           Turns: 4781, Time: 00:11:43

Health: 0/58       AC:  4    Str:  9    XL:     8   Next: 9%
Gold:   226        EV: 13    Int: 21    God:
                   SH:  0    Dex: 13

rFire   + + .        a - +5 hand axe of Context {vamp, rCorr Stlth+}
rCold   x . .        (no shield)
rNeg    . . .        d - +0 leather armour
rPois   ∞            c - +1 hat
rElec   .            (no cloak)
rCorr   +            (no gloves)
SInv    .            (boots unavailable)
Will    .....        (no amulet)
Stlth   +++          l - ring "Ysawaloip" {Wiz Int+3}
HPRegen 0.29/turn    (no ring)
MPRegen 0.00/turn

%: wizardry (x1), infuse magic (-1 HP)
@: flying
A: sickness immunity, fire resistance 2, cold vulnerability 1, float, innate
caster, HP casting, extra vitality 1
a: no special abilities


You were on level 5 of the Dungeon.
You visited 1 branch of the dungeon, and saw 6 of its levels.

You collected 226 gold pieces.

Inventory:

Hand Weapons
 a - the +5 hand axe of Context (weapon) {vamp, rCorr Stlth+}
   (You found it on level 5 of the Dungeon)

   rCorr:     It protects you from acid and corrosion.
   Stlth:     It makes you more stealthy.
 o - a +1 spectral trident
Armour
 c - a +1 hat (worn)
 d - a +0 leather armour (worn)
Jewellery
 l - the ring "Ysawaloip" (left hand) {Wiz Int+3}
   (You found it on level 2 of the Dungeon)

   [ring of wizardry]

   It improves your spell success rate.
   Int:       It affects your intelligence (+3).
Wands
 k - a wand of light (11)
 q - a wand of digging (5)
 r - a wand of iceblast (7)
Scrolls
 e - 3 scrolls of poison
 f - 2 scrolls of teleportation
 h - a scroll of immolation
 n - a scroll of vulnerability
 p - a scroll of fog {unknown}
Potions
 b - a potion of mutation {unknown}
 g - 2 potions of haste
 i - 2 potions of heal wounds
 j - a potion of attraction {unknown}
 m - a potion of curing


   Skills:
 * Level 4.9 Fighting
 + Level 2.9 Armour
 + Level 4.4 Dodging
 - Level 1.5 Stealth
 * Level 4.4 Spellcasting
 * Level 4.4 Conjurations
 * Level 4.4 Hexes
   Level 0.0 Charms
 * Level 4.4 Summonings
 * Level 4.4 Necromancy
 * Level 4.4 Translocations
 * Level 4.4 Transmutations
 * Level 4.4 Fire Magic
 * Level 4.4 Ice Magic
 * Level 4.4 Air Magic
 * Level 4.4 Earth Magic
 * Level 4.4 Poison Magic


You knew the following spells:

 Your Spells              Type           Power      Damage    Failure   Level
a - Shock                 Conj/Air       92%        1d8       1%          1
b - Searing Ray           Conj           46%        2d6       1%          2
c - Mephitic Cloud        Conj/Pois/Air  23%        N/A       3%          3
d - Call Imp              Summ           46%        N/A       1%          2
e - Momentum Strike       Conj/Tloc      46%        3d9       1%          2
f - Magic Dart            Conj           92%        1d7       1%          1
g - Slow                  Hex            92%        N/A       1%          1
z - Blink                 Tloc           46%        N/A       1%          2
Your spell library was empty.

Dungeon Overview and Level Annotations

Branches:
Dungeon (6/15)
 Temple: D:4-7

Altars:
Dithmenos
Elyvilon
Fedhas
Uskayaw

Shops:
D:4 =   D:5 (

Annotations:
D:5 Blork the orc


Innate Abilities, Weirdness & Mutations

You are immune to sickness and miasma.
You are immune to poison.
Your flesh is very heat resistant. (rF++)
You are vulnerable to cold. (rC-)
You float through the air rather than walking.
You learn spells naturally, not from books.
Your magical power is your life essence.
You have superior vitality. (+4 MHP)


Message History

* * * LOW HITPOINT WARNING * * *
The searing ray hits Blork the orc!
Blork the orc is heavily wounded.
* * * LOW HITPOINT WARNING * * *
You finish channelling your searing ray.
Blork the orc hits you with a +0 short sword.
* * * LOW HITPOINT WARNING * * *
Okay, then.
Okay, then.
Casting: Searing Ray (safe; 1% risk of failure)
Confirm with . or Enter, or press ? or * to list all spells.
A tiny devil pulls itself out of the air.
Your cerulean imp says, "Let's cause disruption!"
* * * LOW HITPOINT WARNING * * *
Blork the orc closely misses you.
Your cerulean imp barely misses Blork the orc.
Blork the orc hits you with a +0 short sword.
* * * LOW HITPOINT WARNING * * *
You see here a hound corpse.
Your cerulean imp closely misses Blork the orc.
Your cerulean imp closely misses Blork the orc.
Blork the orc points at you and mumbles some strange words.
The magic dart hits you!
* * * LOW HITPOINT WARNING * * *
Your cerulean imp hits Blork the orc with a -2 spear.
Blork the orc begins to cast a cantrip, but forgets the words!
Your cerulean imp hits Blork the orc with a -2 spear.
Casting: Call Imp (safe; 1% risk of failure)
Confirm with . or Enter, or press ? or * to list all spells.
Aiming: Searing Ray (safe; 1% risk of failure)
Press: ? - help, Shift-Dir - straight line, f/p - Blork the orc
Aim: Blork the orc, wielding a +0 short sword and wearing a +0 robe (heavily wounded, strong, ally target, 81% to hit)
The searing ray hits Blork the orc.
Blork the orc is severely wounded. (Press . to maintain the ray.)
* * * LOW HITPOINT WARNING * * *
Your cerulean imp closely misses Blork the orc.
Blork the orc gestures at you while chanting.
The magic dart hits you.
You die...

......# ##....# #.##########....
......# ####.###.# #.###
......########...#.# ##.#
......'.......##...# #..###
......#######.###..# #.#...
####'## #.# #..# #####.#.## #.#
#.# #..## #.[...#.#
#.########.###...## #.#####.##
#........#.#.@..o5# #.# #...
###########.#.#.####†###.########
...).# #.#.#.# #>........[...
####.# #.#.#.#################
####.# #.#....................
...#.# #.###.#####.#.#########
##.#.######.###.#.....#.#
...#............#.#####.#
#..########.#####.# #.#


You could see Blork the orc (strong, ally target) and a friendly cerulean imp
(summoned).

Vanquished Creatures
  A centaur (D:5)
  2 ogres (D:5)
  2 scorpions (D:5)
  3 hounds (D:5)
  4 iguanas (D:5)
  3 orc wizards
  An adder (D:4)
  A worm (D:2)
  3 dart slugs
  25 orcs
  7 bats
  5 endoplasms
  3 giant cockroaches
  6 goblins
  7 hobgoblins
  6 quokkas
  3 ball pythons (D:1)
  2 frilled lizards
  8 kobolds
  6 rats
98 creatures vanquished.

Notes
Turn   | Place    | Note
-------+----------+-------------------------------------------
     0 | D:1      | Decritt the Djinni Hedge Wizard began the quest for the
                  | Orb.
     0 | D:1      | Decritt set off with the following spells memorised: Magic
                  | Dart, Slow, Blink, Call Imp, Mephitic Cloud.
     0 | D:1      | Reached XP level 1. HP: 15/15 MP: 0/0
   163 | D:1      | Reached XP level 2. HP: 10/22 MP: 0/0
   408 | D:1      | Reached skill level 1 in Fighting
   599 | D:1      | Reached XP level 3. HP: 25/27 MP: 0/0
   599 | D:1      | Learned a level 1 spell: Shock
  1030 | D:1      | Found a faded altar of an unknown god.
  1266 | D:2      | Identified the ring "Ysawaloip" {Wiz Int+3}
  1477 | D:2      | Found a shadowy altar of Dithmenos.
  1882 | D:3      | Reached XP level 4. HP: 33/33 MP: 0/0
  1907 | D:3      | Found a blossoming altar of Fedhas.
  1940 | D:3      | Found a hide-covered altar of Uskayaw.
  2660 | D:4      | Reached XP level 5. HP: 37/39 MP: 0/0
  2660 | D:4      | Learned a level 2 spell: Momentum Strike
  2704 | D:4      | Found a white marble altar of Elyvilon.
  2861 | D:4      | Reached skill level 1 in Armour
  3055 | D:4      | Found Umummawn's Jewellery Emporium.
  3279 | D:5      | Entered Level 5 of the Dungeon
  3340 | D:5      | Reached XP level 6. HP: 35/46 MP: 0/0
  3401 | D:5      | Found Faytih's Weapon Emporium.
  3439 | D:5      | Identified the +5 hand axe of Context {vamp, rCorr Stlth+}
  3556 | D:5      | Noticed an ogre
  3562 | D:5      | Killed an ogre
  3720 | D:5      | Reached XP level 7. HP: 49/51 MP: 0/0
  3720 | D:5      | Learned a level 2 spell: Searing Ray
  4579 | D:5      | Reached XP level 8. HP: 54/58 MP: 0/0
  4763 | D:6      | Noticed Blork the orc
  4781 | D:5      | Killed from afar by Blork the orc

Illustrated notes

Levels and vault maps discovered:
D:1:      kilobyte_arrival_exit_the_forest, layout_basic,
          chequers_ecumenical_altar_lobes, serial_aquarium,
          aquarium_bridge_island_small [aquarium_subvault_small_open,
          aquarium_subvault_bridge, aquarium_subvault_balcony,
          aquarium_subvault_wall, aquarium_subvault_wall],
          aquarium_window_corridor_1, aquarium_window_1, aquarium_view_2d,
          aquarium_view_2c, aquarium_balcony_5b
D:2:      layout_basic, basic_altar
D:3:      layout_rooms, old_standard_altar, nicolae_overflow_crystal_walls
D:4:      layout_basic, elyvilon_altar_3, serial_shops,
          nicolae_shop_gaudy_bauble
D:5:      layout_basic, serial_shops, nicolae_shop_advertising_works
          [nicolae_subvault_shop_adworks]
D:6:      layout_rooms, nicolae_overflow_two_pavilions, uniq_menkaure,
          uniq_blork_the_orc

Skill      XL: |  1  2  3  4  5  6  7 |
---------------+----------------------+-----
Spellcasting   | 3 4 |  4.4
Conjurations   | 3 4 |  4.4
Hexes          | 3 4 |  4.4
Summonings     | 3 4 |  4.4
Necromancy     | 3 4 |  4.4
Translocations | 3 4 |  4.4
Transmutations | 3 4 |  4.4
Fire Magic     | 3 4 |  4.4
Ice Magic      | 3 4 |  4.4
Air Magic      | 3 4 |  4.4
Earth Magic    | 3 4 |  4.4
Poison Magic   | 3 4 |  4.4
Fighting       | 1 2 3 4 |  4.9
Dodging        | 3 4 |  4.4
Armour         | 1 2 |  2.9
Stealth        | |  1.5

Action                     |  1- 3 |  4- 6 |  7- 9 || total
---------------------------+-------+-------+-------++-------
  Melee: Short sword       |     5 |       |       ||     5
         Trident           |       |     8 |       ||     8
         Hand axe          |       |    10 |       ||    10
   Cast: Magic Dart        |    90 |   127 |       ||   217
         Blink             |     1 |       |       ||     1
         Momentum Strike   |       |     4 |       ||     4
         Mephitic Cloud    |       |     2 |       ||     2
         Shock             |       |     7 |    18 ||    25
         Searing Ray       |       |       |    13 ||    13
         Call Imp          |       |       |     1 ||     1
    Use: Scroll            |       |    10 |     1 ||    11
         Potion            |       |     1 |       ||     1
 Armour: Leather armour    |       |     6 |     8 ||    14
  Dodge: Dodged            |     5 |    16 |    25 ||    46

Table legend: (Time is in decaauts)
 A = Elapsed time spent in this place.
 B = Non-inter-level travel time spent in this place.
 C = Inter-level travel time spent in this place.
 D = Time resting spent in this place.
 E = Time spent auto-exploring this place.
 F = Levels seen in this place.
 G = Mean time per level.
                   A        B        C        D        E       F      G
               +--------+--------+--------+--------+--------+-----+--------+
         Total |   4783 |   4682 |    101 |    510 |   3570 |   6 |  797.2 |
       Dungeon |   4783 |   4682 |    101 |    510 |   3570 |   6 |  797.2 |
               +--------+--------+--------+--------+--------+-----+--------+

Top non-repeatable levels by time:
     D:5: 1502 daAuts
     D:1: 1249 daAuts
     D:4: 759 daAuts
     D:3: 640 daAuts
     D:2: 629 daAuts
     D:6: 2 daAuts
